 Dungeon Crawl Stone Soup version 0.27-a0-1324-ge0d8e047f6 (webtiles) character file.

Game seed: 18016783759772918662

1156 Araneus the Basher (level 8, -7/58 HPs)
             Began as a Demonspawn Fighter on June 23, 2021.
             Was a Follower of Okawaru.
             Killed by divine providence
             ... invoked by an orc priest
              (16 damage)
             ... on level 6 of the Dungeon.
             The game lasted 00:14:31 (6820 turns).

Araneus the Basher (Demonspawn Fighter)             Turns: 6820, Time: 00:14:31

Health: -7/58      AC: 12    Str: 19    XL:     8   Next: 16%
Magic:  8/8        EV:  5    Int:  9    God:    Okawaru [*.....]
Gold:   231        SH:  0    Dex: 13    Spells: 7/7 levels left

rFire    . . .     SeeInvis .   o - +0 morningstar (elec)
rCold    . . .     Faith    .   c - +1 kite shield
rNeg     . . .     Spirit   .   h - +0 plate armour
rPois    +         Reflect  .   (no helmet)
rElec    .         Harm     .   t - +0 cloak {rPois}
rCorr    +         Rampage  .   (no gloves)
Will     .....                  (no boots)
Stlth    ..........             (no amulet)
HPRegen  0.19/turn              p - ring of resist corrosion
MPRegen  0.11/turn              (no ring)

@: confused, mighty
A: talons 1, repulsion field 1, powered by pain 2
a: Renounce Religion, Heroism


You were on level 6 of the Dungeon.
You worshipped Okawaru.
Okawaru was aware of your devotion.
You visited 2 branches of the dungeon, and saw 7 of its levels.
You also visited: Sewer.

You collected 324 gold pieces.
You spent 93 gold pieces at shops.

Inventory:

Hand Weapons
 a - a +0 flail
 i - a +2 whip of venom
 o - a +0 morningstar of electrocution (weapon)
Armour
 c - a +1 kite shield (worn)
 g - the +0 pair of gloves of Ileoptuf {Harm Stlth+}
   (You found it on level 5 of the Dungeon)

   It increases damage dealt and taken.
   It makes you more stealthy.
 h - a +0 plate armour (worn)
 t - a +0 cloak of poison resistance (worn)
Jewellery
 b - an amulet of magic regeneration
 p - a ring of resist corrosion (left hand)
Scrolls
 f - 3 scrolls of noise
 j - 3 scrolls of teleportation
 k - a scroll of amnesia {unknown}
 n - a scroll of blinking {unknown}
 s - a scroll of enchant armour
Potions
 d - 3 potions of might
 e - a potion of curing
 l - 6 potions of brilliance
 m - a potion of lignification
 q - a potion of flight
 r - a potion of attraction
 v - a potion of heal wounds


   Skills:
 - Level 3.0 Fighting
 + Level 9.0 Maces & Flails
 + Level 2.9 Armour
 - Level 2.6 Shields
 * Level 1.2 Invocations


You had 7 spell levels left.
You didn't know any spells.
Your spell library contained the following spells:

 Spells                   Type           Power      Damage    Failure   Level
 Animate Skeleton         Necr           0%         N/A       100%        1
 Corona                   Hex            0%         N/A       100%        1
 Pain                     Necr           0%         1d4       100%        1
 Corpse Rot               Necr/Air       N/A        N/A       100%        2
 Ensorcelled Hibernation  Hex/Ice        0%         N/A       100%        2
 Confusing Touch          Hex            0%         N/A       100%        3
 Dazzling Flash           Conj/Hex       0%         N/A       100%        3
 Tukima's Dance           Hex            0%         N/A       100%        3
 Animate Dead             Necr           0%         N/A       100%        4
 Borgnjor's Vile Clutch   Necr/Erth      0%         N/A       100%        5


Dungeon Overview and Level Annotations

Branches:
Dungeon (6/15)             Temple (1/1) D:4           Sewer (visited)

Altars:
Ashenzari
Cheibriados
Dithmenos
Elyvilon
Fedhas
Gozag
Hepliaklqana
Makhleb
Nemelex Xobeh
Okawaru
Qazlal
Uskayaw
Vehumet
Yredelemnul
The Shining One
Lugonu

Shops:
D:1 ?   D:5 **[


Innate Abilities, Weirdness & Mutations

You have sharp toenails.
You are surrounded by a mild repulsion field. (EV +2)
You sometimes gain power by taking damage.


Message History

Beogh smites you! You block the hound's attack.
You closely miss the hound. The hound bites you but does no damage.
You sock the hound! Your kick misses the hound.
The hound is almost dead.
The hound bites you but does no damage.
The orc priest invokes the aid of Beogh against you.
Beogh smites you! The hound bites you but does no damage.
You completely miss the hound. You claw the hound.
You kill the hound!
Okawaru accepts your kill.
Your Maces & Flails skill increases to level 9!
You are too injured to fight recklessly!
You are too injured to fight recklessly!
You are too injured to fight recklessly!
You miss something. You claw something! Something hits you but does no damage.
You miss something. Your kick misses something.
Something hits you but does no damage.
You completely miss something. You claw something.
You hear some strange, mumbled words.
You are confused.
The orc wizard points at you and mumbles some strange words.
You hear some strange, mumbled words.
A puff of flame appears from out of thin air!
The puff of flame hits you.
The orc wizard mumbles some strange words.
The orc wizard flickers and vanishes!
The orc priest looks satisfied for a moment.
You're too confused to move!
The orc priest mumbles some strange prayers to Beogh against you.
Something writhes in agony.
Something hits you but does no damage.
You bump into the rock wall.
The orc priest calls down the wrath of Beogh upon you.
Beogh smites you!
* * * LOW HITPOINT WARNING * * *
Something hits you but does no damage.
You completely miss something. Your kick misses something.
Something hits you but does no damage.
The orc priest calls down the wrath of Beogh upon you.
Beogh smites you!
You die...

#.# #.# #.# #. # #.# .
.# #.# .###.# ##.##
..#.. #...# #..# #
.......#.#####?##.##.#
#####.###.@..{o.......
## #.#####.##..#.#
#.## #......... #.
#......### #.
#..###.... ## #..# ...
...# .. ..... . ##.#.


You could see an orc priest.

Vanquished Creatures
  Prince Ribbit (D:5)
  The ghost of Mateji the Cudgeller, an amateur MiFi (D:5)
  An orc warrior (D:6)
  3 scorpions (D:5)
  A centaur zombie (D:6)
  2 orc priests (D:3)
  A bullfrog skeleton (D:4)
  4 hounds
  An iguana (D:3)
  3 gnolls (D:4)
  10 adders
  A shadow imp (D:5)
  An ufetubus (D:4)
  An adder zombie (D:5)
  3 dart slugs
  11 orcs
  12 ball pythons
  6 endoplasms
  14 giant cockroaches
  8 hobgoblins
  6 jackals
  11 quokkas
  5 bats
  7 frilled lizards
  10 goblins
  14 kobolds
  A rat (D:1)
139 creatures vanquished.

Vanquished Creatures (others)
  An endoplasm (D:4)
  5 plants (Sewer)
  2 withered plants (D:5)
8 creatures vanquished.

Grand Total: 147 creatures vanquished

Notes
Turn   | Place    | Note
-------+----------+-------------------------------------------
     0 | D:1      | Araneus the Demonspawn Fighter began the quest for the Orb.
     0 | D:1      | Reached XP level 1. HP: 18/18 MP: 1/1
   100 | D:1      | Reached skill level 2 in Maces & Flails
   406 | D:1      | Gained mutation: You sometimes gain a little power by
                  | taking damage. [demonic ancestry]
   406 | D:1      | Reached XP level 2. HP: 24/24 MP: 2/2
   612 | D:1      | Found Posch's Magic Scroll Emporium.
   670 | D:1      | Reached skill level 3 in Maces & Flails
   908 | D:2      | Gained mutation: You are surrounded by a mild repulsion
                  | field. (EV +2) [demonic ancestry]
   908 | D:2      | Reached XP level 3. HP: 29/29 MP: 3/3
  2095 | D:3      | Gained mutation: You have sharp toenails. [demonic
                  | ancestry]
  2095 | D:3      | Reached XP level 4. HP: 35/35 MP: 4/4
  2121 | D:3      | Reached skill level 4 in Maces & Flails
  2207 | D:3      | Identified Kikubaaqudgha's Grimoire of Stolen Souls
  2524 | D:3      | Found an opulent altar of Gozag.
  2723 | D:3      | Gained mutation: You sometimes gain power by taking damage.
                  | [demonic ancestry]
  2723 | D:3      | Reached XP level 5. HP: 6/41 MP: 5/5
  2729 | D:3      | Reached skill level 5 in Maces & Flails
  2896 | D:3      | Found a burning altar of Makhleb.
  3002 | D:3      | Found a faded altar of an unknown god.
  3491 | D:4      | Found a staircase to the Ecumenical Temple.
  3504 | Temple   | Entered the Ecumenical Temple
  3577 | Temple   | Became a worshipper of Warmaster Okawaru
  3658 | D:4      | Reached XP level 6. HP: 21/47 MP: 6/6
  3948 | D:4      | Found a basalt altar of Yredelemnul.
  3957 | D:4      | Reached skill level 6 in Maces & Flails
  3957 | D:4      | Noticed a profane servitor
  4055 | D:4      | Found a blossoming altar of Fedhas.
  4199 | D:4      | Found a faded altar of an unknown god.
  4200 | D:4      | Found a faded altar of an unknown god.
  4200 | D:4      | Found a faded altar of an unknown god.
  4200 | D:4      | Found a hazy altar of Hepliaklqana.
  4461 | D:4      | Noticed an angel
  4484 | D:5      | Entered Level 5 of the Dungeon
  4526 | D:5      | Found a glowing drain.
  4547 | Sewer    | Entered a sewer
  5347 | D:5      | Noticed Prince Ribbit
  5373 | D:5      | Killed Prince Ribbit
  5374 | D:5      | Reached skill level 7 in Maces & Flails
  5374 | D:5      | Reached XP level 7. HP: 19/52 MP: 7/7
  5426 | D:5      | Identified the +0 pair of gloves of Ileoptuf {Harm Stlth+}
  5836 | D:5      | Found Xomu Ges's Specific Store.
  5840 | D:5      | Found Qumm's General Store.
  5896 | D:5      | Found Rarph's Armour Boutique.
  6056 | D:5      | Found a runed translucent door.
  6058 | D:5      | Noticed Mateji's ghost (amateur MiFi)
  6111 | D:5      | Reached * piety under Okawaru
  6112 | D:5      | Reached skill level 8 in Maces & Flails
  6398 | D:5      | Bought a +0 cloak of poison resistance for 93 gold pieces
  6622 | D:5      | Killed Mateji's ghost
  6623 | D:5      | Reached XP level 8. HP: 37/58 MP: 8/8
  6805 | D:6      | HP: 2/58 [orc priest/divine providence (14)]
  6809 | D:6      | Reached skill level 1 in Invocations
  6813 | D:6      | Reached skill level 9 in Maces & Flails
  6820 | D:6      | Killed from afar by an orc priest

Illustrated notes

Levels and vault maps discovered:
D:1:      dpeg_arrival_round_c, layout_loops_cross, serial_shops, shop_fountains
D:2:      minmay_roachtagon, layout_basic
D:3:      layout_basic, amcnicky_altar_gilded, marbit_many_paths,
          lemuel_doored_altar, shapermc_ecumenical_altar_mp_vishouse,
          grunt_ministairs_4
D:4:      layout_loops_ring, grunt_temple_overflow_holy_war, fedhas_altar_3,
          nicolae_hepliaklqana_ecumenical_no_more, minmay_temple_entry_ruins,
          due_unseen_surprise
D:5:      layout_rooms, gup_sewer_entry_pipe, gammafunk_ghost_grave,
          serial_shops, nicolae_inconvenience_store, interstate_on_off,
          chequers_jeans, nicolae_specific_store, kennysheep_cluttered_room,
          uniq_prince_ribbit1
D:6:      layout_loops_ring, trog_wizard, nicolae_overflow_crystal_walls,
          serial_shops, shop, kennysheep_decorative_pillar, lightli_orcish_oven
Temple:   corrupted_temple

Skill      XL: |  1  2  3  4  5  6  7  8 |
---------------+-------------------------+-----
Maces & Flails | 2 3 4 5 7 8 9 |  9.0
Invocations    | 1 |  1.2
Fighting       | |  3.0
Armour         | |  2.9
Shields        | |  2.6

Action                   |  1- 3 |  4- 6 |  7- 9 || total
-------------------------+-------+-------+-------++-------
Melee: Flail             |    92 |       |       ||    92
       Whip              |    60 |   123 |       ||   183
       Kick              |       |    48 |    12 ||    60
       Morningstar       |       |   109 |    57 ||   166
  Use: Potion            |       |     7 |     2 ||     9
       Scroll            |       |    11 |     2 ||    13
 Stab: Invisible         |       |     1 |       ||     1
Armor: Scale mail        |    15 |       |       ||    15
       Plate armour      |    87 |   113 |    28 ||   228
Dodge: Dodged            |    33 |    38 |     8 ||    79
Block: Kite shield       |    77 |   108 |    27 ||   212

Table legend: (Time is in decaauts)
 A = Elapsed time spent in this place.
 B = Non-inter-level travel time spent in this place.
 C = Inter-level travel time spent in this place.
 D = Time resting spent in this place.
 E = Time spent auto-exploring this place.
 F = Levels seen in this place.
 G = Mean time per level.
                   A        B        C        D        E       F      G
               +--------+--------+--------+--------+--------+-----+--------+
         Total |   7103 |   6971 |    132 |    140 |   5801 |   8 |  887.9 |
       Dungeon |   6172 |   6054 |    118 |     71 |   5073 |   6 | 1028.7 |
        Temple |    101 |     87 |     14 |      0 |     79 |   1 |  101.0 |
         Sewer |    828 |    828 |      0 |     69 |    649 |   1 |  828.0 |
               +--------+--------+--------+--------+--------+-----+--------+

Top non-repeatable levels by time:
     D:5: 1670 daAuts
     D:3: 1380 daAuts
     D:2: 1142 daAuts
     D:4: 1001 daAuts
     D:1: 924 daAuts
   Sewer: 828 daAuts
  Temple: 101 daAuts
     D:6: 53 daAuts
